 Dungeon Crawl Stone Soup version 0.26.0-20-g3ca415f5b8 (webtiles) character file.

Game seed: 13910244075436823791

9968 kaeus the Blocker (level 11, -6/102 HPs)
             Began as a Minotaur Fighter on Jan 25, 2021.
             Was an Initiate of Gozag.
             Mangled by a yak (7 damage)
             ... on level 1 of the Lair of Beasts.
             The game lasted 00:10:40 (10526 turns).

kaeus the Blocker (Minotaur Fighter)               Turns: 10526, Time: 00:10:41

Health: -6/102     AC: 13    Str: 30    XL:     11   Next: 30%
Magic:  10/10      EV: 11    Int:  5    God:    Gozag
Gold:   1934       SH: 14    Dex: 10    Spells: 10/10 levels left

rFire    . . .     SeeInvis .   y - +7 war axe
rCold    . . .     Faith    .   c - +1 kite shield
rNeg     . . .     Spirit   .   b - +0 scale mail
rPois    .         Reflect  .   (helmet restricted)
rElec    .         Harm     .   D - +0 cloak
rCorr    +         Rampage  .   (no gloves)
Will     .....                  i - +1 pair of boots
Stlth    ..........             (no amulet)
HPRegen  0.27/turn              z - +6 ring of strength
MPRegen  0.12/turn              E - ring of resist corrosion

@: gold aura
A: retaliatory headbutt, claws 1, horns 2, repulsion field 1, mutation
resistance 1
a: Renounce Religion, Potion Petition, Call Merchant, Bribe Branch


You were on level 1 of the Lair of Beasts.
You worshipped Gozag.
Gozag was most pleased with you.
You visited 2 branches of the dungeon, and saw 10 of its levels.

You collected 1954 gold pieces.
You paid 20 gold pieces to Gozag.

Inventory:

Hand Weapons
 o - the +7 short sword of Moderation {freeze, Stlth+}
   (You found it on level 8 of the Dungeon)

   It has been specially enchanted to freeze those struck by it, causing extra
   injury to most foes and up to half again as much damage against particularly
   susceptible opponents.
   It can also slow down cold-blooded creatures.
   It makes you more stealthy.
 y - a +7 war axe (weapon)
Armour
 b - a +0 scale mail (worn)
 c - a +1 kite shield (worn)
 i - a +1 pair of boots (worn)
 D - a +0 cloak (worn)
Magical Staves
 u - an uncursed staff of conjuration
Jewellery
 a - an uncursed ring of fire
 r - an uncursed ring of protection from fire
 w - an uncursed ring of ice
 z - a +6 ring of strength (left claw)
 E - a ring of resist corrosion (right claw)
Wands
 h - a wand of polymorph (16)
 x - a wand of acid (10)
Scrolls
 e - a scroll of immolation
 j - 7 scrolls of amnesia
 l - 8 scrolls of teleportation
 q - 8 scrolls of remove curse
 t - 2 scrolls of fog
 A - a scroll of blinking
 B - a scroll of noise {unknown}
Potions
 d - 5 potions of might
 f - a potion of heal wounds
 g - 8 potions of curing
 k - 2 potions of attraction
 m - 3 potions of haste
 n - 3 potions of flight
 p - 2 potions of brilliance
 s - 2 potions of lignification {unknown}
 v - a potion of degeneration {unknown}
 C - a potion of resistance


   Skills:
 + Level 11.1 Fighting
 + Level 10.8 Axes
 + Level 11.1 Armour
 + Level 11.2 Shields


You had 10 spell levels left.
You didn't know any spells.
Your spell library contained the following spells:

 Spells                   Type           Power        Failure   Level
 Animate Skeleton         Necr           0%           83%         1
 Apportation              Tloc           0%           83%         1
 Corona                   Hex            0%           83%         1
 Magic Dart               Conj           0%           83%         1
 Sting                    Tmut/Pois      0%           83%         1
 Summon Small Mammal      Summ           0%           83%         1
 Blink                    Tloc           N/A          93%         2
 Call Imp                 Summ           0%           93%         2
 Poisonous Vapours        Pois/Air       0%           93%         2
 Slow                     Hex            0%           93%         2
 Confusing Touch          Hex            0%           99%         3
 Conjure Flame            Conj/Fire      0%           99%         3
 Gell's Gravitas          Tloc           0%           99%         3
 Ignite Poison            Fire/Tmut/Pois 0%           99%         3
 Mephitic Cloud           Conj/Pois/Air  0%           99%         3
 Olgreb's Toxic Radiance  Pois           0%           100%        4
 Petrify                  Tmut/Erth      0%           100%        4
 Metabolic Englaciation   Hex/Ice        0%           100%        5
 Yara's Violent Unravell  Hex/Tmut       0%           100%        5


Dungeon Overview and Level Annotations

Branches:
Dungeon (9/15)             Temple (0/1) D:7            Lair (1/6) D:8
    Orc (0/2) D:9

Altars:
Dithmenos
Elyvilon
Fedhas
Gozag
Okawaru
Qazlal
Sif Muna
Vehumet

Shops:
D:7 !   D:8 }

Annotations:
D:7 3 runed translucent doors, kaeus's ghost, novice MiFi


Innate Abilities, Weirdness & Mutations

You reflexively headbutt those who attack you in melee.
You have a pair of horns on your head.
You have sharp fingernails.
You are surrounded by a mild repulsion field. (EV +2)
You are somewhat resistant to further mutation.


Message History

The nine-headed hydra grows two more!
You hit the 11-headed hydra. You headbutt the 11-headed hydra!
The 11-headed hydra is heavily wounded.
You hit the yak.
The 11-headed hydra bites you but does no damage.
You block the 11-headed hydra's attack.
The 11-headed hydra bites you but does no damage.
The 11-headed hydra bites you.
* * * LOW HITPOINT WARNING * * *
The 11-headed hydra bites you.
* * * LOW HITPOINT WARNING * * *
The 11-headed hydra bites you.
* * * LOW HITPOINT WARNING * * *
You block the 11-headed hydra's attack. The 11-headed hydra bites you!
* * * LOW HITPOINT WARNING * * *
The 11-headed hydra barely misses you. The 11-headed hydra bites you!
* * * LOW HITPOINT WARNING * * *
You block the 11-headed hydra's attack. The yak gores you!
You die...
Your body crumbles into a pile of gold.

.....$........ .
.............. ..
.............##
... Y............
.... ............#
#... ...........#
##..##$.......##
#...$@.........#
......DY........##
......##........P#
...... #....###.##
.#### #...####.##
#...###...#
#.###.##..#
#.#.......#
#.........#


You could see a 11-headed hydra and a yak.

Vanquished Creatures
  A two-headed ogre (D:8)
  Pikel (D:5)
  A hornet (D:9)
  Grinder (D:5)
  Sigmund (D:5)
  8 yaks
  7 spriggans (D:8)
  3 humans
  A warg (D:9)
  Duvessa (D:7)
  An acid dragon (D:7)
  A water moccasin (D:9)
  6 orc warriors
  3 sky beasts
  A necrophage (D:8)
  3 ice beasts
  3 phantoms
  6 ogres
  4 wolves (Lair:1)
  4 centaurs
  5 bullfrogs
  Dowan (D:7)
  A water moccasin skeleton (D:8)
  6 scorpions
  9 killer bees (D:8)
  A wight (D:8)
  3 howler monkeys (D:9)
  A centaur zombie (D:9)
  A centaur skeleton (D:9)
  7 hounds
  3 jellies
  11 orc wizards
  5 orc priests
  2 iguanas
  8 worker ants
  A killer bee zombie (D:7)
  A hound zombie (D:7)
  A worker ant zombie (D:5)
  3 gnolls (D:9)
  11 adders
  A shadow imp (D:6)
  An ufetubus (D:7)
  An ooze (D:2)
  3 adder skeletons
  4 worms
  A dart slug (D:2)
  8 leopard geckos
  32 orcs
  2 ball pythons
  4 giant cockroaches
  11 goblins
  7 hobgoblins
  6 jackals
  10 kobolds
  2 quokkas
  6 bats
  4 frilled lizards
  A jackal skeleton (D:4)
  A quokka skeleton (D:4)
  2 quokka zombies
  6 rats
  A bush (D:6)
252 creatures vanquished.

Vanquished Creatures (others)
  A fungus (D:2)
  A plant (D:2)
2 creatures vanquished.

Grand Total: 254 creatures vanquished

Notes
Turn   | Place    | Note
-------+----------+-------------------------------------------
     0 | D:1      | kaeus the Minotaur Fighter began the quest for the Orb.
     0 | D:1      | Reached XP level 1. HP: 19/19 MP: 0/0
   285 | D:1      | Reached XP level 2. HP: 24/27 MP: 1/1
   907 | D:2      | Reached XP level 3. HP: 33/33 MP: 2/2
   961 | D:2      | Found a shadowy altar of Dithmenos.
   965 | D:2      | Found an opulent altar of Gozag.
   965 | D:2      | Found a white marble altar of Elyvilon.
   974 | D:2      | Found a radiant altar of Vehumet.
  1274 | D:2      | Became a worshipper of Gozag Ym Sagoz the Greedy
  1340 | D:2      | Found a blossoming altar of Fedhas.
  1341 | D:2      | Found a stormy altar of Qazlal.
  1491 | D:2      | Reached XP level 4. HP: 31/40 MP: 3/3
  2103 | D:3      | Found a faded altar of an unknown god.
  2343 | D:3      | Reached XP level 5. HP: 47/47 MP: 4/4
  2532 | D:3      | Noticed an ice beast
  2537 | D:3      | Killed an ice beast
  2538 | D:3      | Reached skill level 5 in Fighting
  2538 | D:3      | Reached skill level 5 in Armour
  2538 | D:3      | Reached skill level 5 in Shields
  2668 | D:4      | Noticed an ogre
  2677 | D:4      | Killed an ogre
  2678 | D:4      | Reached XP level 6. HP: 56/56 MP: 5/5
  3881 | D:5      | Entered Level 5 of the Dungeon
  3921 | D:5      | Reached skill level 5 in Axes
  3921 | D:5      | Reached XP level 7. HP: 58/62 MP: 6/6
  4015 | D:5      | Noticed Pikel
  4035 | D:5      | Killed Pikel
  4153 | D:5      | Reached XP level 8. HP: 44/71 MP: 7/7
  4480 | D:5      | Noticed Grinder
  4480 | D:5      | Noticed Sigmund
  4493 | D:5      | Killed Sigmund
  4493 | D:5      | Paralysed by Grinder for 2 turns
  4508 | D:5      | Killed Grinder
  5047 | D:6      | You fall into a shaft and drop 3 floors!
  5060 | D:8      | Found Quutun's Gadget Emporium.
  5099 | D:8      | Reached XP level 9. HP: 79/81 MP: 8/8
  5225 | D:7      | Found a runed translucent gate.
  5225 | D:7      | Found a runed translucent gate.
  5225 | D:7      | Found a runed translucent gate.
  6170 | D:6      | Gained mutation: You have sharp fingernails. [potion of
                  | mutation]
  6170 | D:6      | Gained mutation: Your spells are a little harder to cast,
                  | but a little more powerful. [potion of mutation]
  6170 | D:6      | Gained mutation: Your flesh is heat resistant. (rF+)
                  | [potion of mutation]
  6171 | D:6      | Lost mutation: Your spells are a little harder to cast, but
                  | a little more powerful. [potion of mutation]
  6171 | D:6      | Lost mutation: Your flesh is heat resistant. (rF+) [potion
                  | of mutation]
  6171 | D:6      | Gained mutation: You are surrounded by a mild repulsion
                  | field. (EV +2) [potion of mutation]
  6171 | D:6      | Gained mutation: You are somewhat resistant to further
                  | mutation. [potion of mutation]
  6190 | D:7      | Found Xetwi's Distillery.
  6364 | D:7      | Noticed Duvessa
  6364 | D:7      | Noticed Dowan
  6372 | D:7      | Killed Duvessa
  6373 | D:7      | Killed Dowan
  6593 | D:7      | Found an iron altar of Okawaru.
  6827 | D:7      | Noticed kaeus's ghost (novice MiFi)
  7081 | D:7      | Found a staircase to the Ecumenical Temple.
  7167 | D:7      | Found a shimmering blue altar of Sif Muna.
  7878 | D:8      | Reached XP level 10. HP: 91/91 MP: 9/9
  7880 | D:8      | Found a staircase to the Lair.
  8197 | D:8      | Noticed a two-headed ogre
  8204 | D:8      | Killed a two-headed ogre
  8458 | D:8      | Reached skill level 10 in Shields
  8475 | D:8      | Reached skill level 10 in Fighting
  8495 | D:8      | Reached skill level 10 in Armour
  8770 | D:8      | Reached skill level 10 in Axes
  9157 | D:8      | Got a masterwork short sword
  9158 | D:8      | Identified the +7 short sword of Moderation {freeze,
                  | Stlth+} (You found it on level 8 of the Dungeon)
  9583 | D:9      | Found a staircase to the Orcish Mines.
  9609 | D:9      | Reached XP level 11. HP: 78/101 MP: 10/10
  9783 | D:9      | Paralysed by a hornet for 1 turns
  9789 | D:9      | Paralysed by a hornet for 2 turns
 10410 | Lair:1   | Entered Level 1 of the Lair of Beasts
 10515 | Lair:1   | Noticed a seven-headed hydra
 10526 | Lair:1   | HP: 1/102 [11-headed hydra (10)]
 10526 | Lair:1   | Mangled by a yak

Illustrated notes

Levels and vault maps discovered:
D:1:      arrival_zaba_pyramid, layout_basic, hex_tiny
D:2:      layout_basic, grunt_temple_overflow_open,
          grunt_temple_overflow_forces_of_nature
D:3:      layout_basic, chequers_ecumenical_altar_island, minmay_circle_x
D:4:      layout_basic
D:5:      layout_loops_ring, uniq_pikel, uniq_grinder, uniq_sigmund
D:6:      layout_cave_pools, kb_lookout_dungeons_type, minivault_27,
          kennysheep_generic_room_4
D:7:      kennysheep_orc_sif_temple, layout_basic, temple_hall,
          gammafunk_ghost_icy, serial_shops, shop, okawaru_humans, uniq_duvessa
D:8:      kb_forest_paths, layout_basic, serial_shops, shop
D:9:      layout_rooms, erik_orc_4, library_closet
Lair:1:   layout_gridlike

Skill      XL: |  1  2  3  4  5  6  7  8  9 10 11 |
---------------+----------------------------------+-----
Shields        | 4 5 6 7 9 10 11 | 11.2
Fighting       | 4 5 6 7 9 10 11 | 11.1
Armour         | 4 5 6 7 9 10 11 | 11.1
Axes           | 3 4 5 6 7 9 10 | 10.8

Action                   |  1- 3 |  4- 6 |  7- 9 | 10-12 || total
-------------------------+-------+-------+-------+-------++-------
Melee: War axe           |    98 |   129 |   233 |   245 ||   705
       Headbutt          |    14 |    21 |    48 |    50 ||   133
  Use: Scroll            |       |    10 |     9 |     6 ||    25
       Potion            |       |       |     2 |     1 ||     3
 Stab: Distracted        |       |     2 |       |     1 ||     3
Armor: Scale mail        |    52 |    52 |    65 |    55 ||   224
Dodge: Dodged            |    28 |    35 |    62 |    73 ||   198
Block: Kite shield       |    58 |    67 |   124 |   138 ||   387
